 Dungeon Crawl Stone Soup version 0.28-a0-793-g31680bbd8b (webtiles) character file.

Game seed: 3962312501708084862

19 ytrimaz the Skirmisher (level 2, -1/24 HPs)
             Began as a Demonspawn Fighter on Nov 3, 2021.
             Was a Follower of Yredelemnul.
             Slain by Sigmund (4 damage)
             ... on level 2 of the Dungeon.
             The game lasted 00:01:23 (1139 turns).

ytrimaz the Skirmisher (Demonspawn Fighter)         Turns: 1139, Time: 00:01:23

Health: -1/24      AC:  6    Str: 16    XL:     2   Next: 55%
Magic:  2/2        EV:  9    Int:  9    God:    Yredelemnul [*.....]
Gold:   0          SH:  4    Dex: 12    Spells: 1/1 levels left

rFire   . . .      SeeInvis .   (no weapon)
rCold   . . .      Faith    .   c - +0 buckler
rNeg    . . .      Spirit   .   b - +0 scale mail
rPois   .          Reflect  .   (no helmet)
rElec   .          Harm     .   (no cloak)
rCorr   .          Rampage  .   (no gloves)
Will    .....                   (no boots)
Stlth   ..........              (no amulet)
HPRegen 0.08/turn               (no ring)
MPRegen 0.08/turn               (no ring)

@: mighty, lethally poisoned (-1 -> -2), flying
A: claws 1
a: Renounce Religion, Animate Remains


You were on level 2 of the Dungeon.
You worshipped Yredelemnul.
Yredelemnul was aware of your devotion.
You visited 1 branch of the dungeon, and saw 2 of its levels.

Inventory:

Armour
 b - a +0 scale mail (worn)
 c - a +0 buckler (worn)
Scrolls
 a - 2 scrolls of identify {unknown}
 e - a scroll of teleportation {unknown}
Potions
 f - a potion of flight


   Skills:
 + Level 3.1 Fighting
 - Level 1.9 Axes
 + Level 2.8 Armour
 * Level 0.4 Dodging
 + Level 2.9 Shields
 * Level 0.3 Unarmed Combat
 * Level 0.5 Invocations


You had one spell level left.
You didn't know any spells.
Your spell library was empty.

Dungeon Overview and Level Annotations

Branches:
Dungeon (2/15)

Altars:
Yredelemnul

Shops:
D:1 *

Annotations:
D:2 Sigmund


Innate Abilities, Weirdness & Mutations

You have sharp fingernails.


Message History

Okay, then.
The adder barely misses you. x2
You miss the adder.
The adder is lightly wounded.
The adder bites you but does no damage.
You barely miss the adder.
The adder is lightly wounded.
The adder bites you but does no damage.
You closely miss the adder.
The adder is lightly wounded.
The adder bites you but does no damage. Something hits you but does no damage.
It was a potion of flight.
You feel very buoyant.
You fly up into the air.
The adder bites you.
You are poisoned.
The adder poisons you! Something hits you.
The adder bites you but does no damage.
Unknown command.
You scratch the adder.
The adder is heavily wounded.
You feel sick. The adder closely misses you.
You miss the adder.
The adder is heavily wounded.
You feel sick. You block the adder's attack. Something hits you!
You feel very mighty all of a sudden.
You feel sick. The adder bites you. Something hits you but does no damage.
The adder misses you.
You scratch the adder.
The adder is severely wounded.
You feel sick. The adder misses you.
You closely miss the adder.
The adder is severely wounded.
You feel sick. The adder closely misses you. Something hits you.
* * * LOW HITPOINT WARNING * * *
You scratch the adder.
You kill the adder!
Yredelemnul accepts your kill.
You feel sick. Something hits you.
You die...
Your body rises from the dead as a mindless zombie.

#... #.... #..... # #########
#...... #.###.......##
##....... .............##
##........ #.##..........#
#.........
#....>.####...####{# ...
..##.#.# #.....@r.# ...
#.##.#.# #...###### #.#
.....#.# #...# #.# .....#.#
#...# #.# #.####.####...###
###.# #.Z....##.......#
##.#.# ## #####.#.#.##.##.##
##.#Z.####....
##Z###....[....###.###......#
#.## ##.)...#..##.## ##.#####


You could see a quokka.

Vanquished Creatures
  An adder (D:2)
  A dart slug (D:1)
  2 ball pythons (D:1)
  2 endoplasms (D:1)
  A hobgoblin (D:1)
  2 quokkas (D:1)
  3 bats
  A frilled lizard (D:1)
  2 goblins (D:1)
15 creatures vanquished.

Vanquished Creatures (collateral kills)
  A goblin (D:2)
1 creature vanquished.

Vanquished Creatures (others)
  A bat zombie (D:2)
1 creature vanquished.

Grand Total: 17 creatures vanquished

Notes
Turn   | Place    | Note
-------+----------+-------------------------------------------
     0 | D:1      | ytrimaz the Demonspawn Fighter began the quest for the Orb.
     0 | D:1      | Reached XP level 1. HP: 18/18 MP: 1/1
   204 | D:1      | Found a faded altar of an unknown god.
   249 | D:1      | Prayed at the altar of an unknown god.
   249 | D:1      | Became a worshipper of Yredelemnul the Dark
   249 | D:1      | Reached * piety under Yredelemnul
   370 | D:1      | Gained mutation: You have sharp fingernails. [demonic
                  | ancestry]
   370 | D:1      | Reached XP level 2. HP: 18/24 MP: 2/2
   503 | D:1      | Found Ihasueku's Assorted Antiques.
  1120 | D:2      | Noticed Sigmund
  1139 | D:2      | Slain by Sigmund

Illustrated notes

Levels and vault maps discovered:
D:1:      lightli_arrival_boilingwater, layout_basic,
          hellmonk_ecumenical_altar_crossroads, serial_shops, shop
D:2:      minmay_alternating_diamond, layout_loops_cross, serial_shops,
          shop_statue, basic_altar, uniq_sigmund

Action                   || total
-------------------------++-------
Melee: War axe           ||    28
       Unarmed           ||    40
Invok: Animate Remains   ||     1
  Use: Potion            ||     2
Armor: Scale mail        ||    32
Dodge: Dodged            ||    51
Block: Buckler           ||    27

Table legend: (Time is in decaauts)
 A = Elapsed time spent in this place.
 B = Non-inter-level travel time spent in this place.
 C = Inter-level travel time spent in this place.
 D = Time resting spent in this place.
 E = Time spent auto-exploring this place.
 F = Levels seen in this place.
 G = Mean time per level.
                   A        B        C        D        E       F      G
               +--------+--------+--------+--------+--------+-----+--------+
         Total |   1153 |   1153 |      0 |      0 |    939 |   2 |  576.5 |
       Dungeon |   1153 |   1153 |      0 |      0 |    939 |   2 |  576.5 |
               +--------+--------+--------+--------+--------+-----+--------+

Top non-repeatable levels by time:
     D:1: 1032 daAuts
     D:2: 120 daAuts
